AoeStats
← JohnLemond

Golden Pit

508998801Analyzed
1v1 RM · 7d ago on Sep 25, 2026· 69m 49s· 2 players
Game mode
Random Map
Map size
Tiny (2 player)
Population
200
Speed
Normal
Resources
Standard
Victory
Conquest
Starting age
Dark Age
Ending age
Imperial Age
RankedLock teamsTeams togetherTeam positionsShared explorationLock speedFull tech treeHidden civsTurbo modeCheats
Victory
Defeat
🇺🇸 Franks · United States
1096
+17
🇺🇸 Danes · United States
1126
-17
JohnLemond
8:09 Loom
10:01 Feudal Age
11:01 Double-Bit Axe
16:35 Fletching
18:03 Padded Archer Armor
20:25 Padded Archer Armor
21:10 Wheelbarrow
24:09 Castle Age
23:09 Gold Mining
23:28 Scale Barding Armor
24:01 Forging
26:01 Chain Barding Armor
27:57 Iron Casting
30:53 Man-at-Arms
31:48 Long Swordsman
34:03 Hand Cart
33:54 Bodkin Arrow
34:21 Scale Mail Armor
38:06 Imperial Age
36:39 Chain Mail Armor
37:49 Gambesons
38:14 Two-Handed Swordsman
39:31 Plate Mail Armor
40:59 Blast Furnace
43:24 Champion
44:59 Conscription
58:08 Chemistry
62:46 Light Cavalry
64:01 Elite Throwing Axeman
tennisshoesfan
6:53 Loom
9:04 Feudal Age
9:05 Man-at-Arms
13:35 Double-Bit Axe
18:15 Wheelbarrow
20:37 Castle Age
20:09 Fletching
20:20 Scale Mail Armor
20:31 Forging
22:01 Squires
24:09 Horse Collar
25:31 Town Watch
25:22 Elite Skirmisher
25:53 Gambesons
35:16 Bodkin Arrow
35:21 Padded Archer Armor
36:22 Ballistics
36:50 Heavy Plow
36:46 Hamask
41:07 Imperial Age
39:18 Chain Mail Armor
41:31 Iron Casting
42:13 Long Swordsman
44:24 Chemistry
42:55 Two-Handed Swordsman
43:24 Capped Ram
46:45 Blast Furnace
46:29 Champion
47:23 Champion
49:04 Plate Mail Armor
57:29 Siege Engineers
62:31 Conscription
64:28 Pikeman
68:04 Bracer
Connection lost

Rejoining the realm…

Still unreachable

The connection could not be restored.

Session expired

The server has moved on; the page needs a fresh start.